 Dungeon Crawl Stone Soup version 0.30.0-5-g1a98f26d00 (webtiles) character file.

Game seed: 2165833640197527444

56 Irreverend the Ruffian (level 3, 0/29 HPs)
             Began as a Draconian Transmuter on May 9, 2023.
             Slain by a gnoll
             ... wielding a +0 spear
              (6 damage)
             ... on level 3 of the Dungeon.
             The game lasted 00:02:53 (1812 turns).

Irreverend the Ruffian (Draconian Transmuter)       Turns: 1812, Time: 00:02:53

Health: 0/29       AC:  5    Str: 14    XL:     3   Next: 69%
Magic:  5/6        EV: 12    Int: 13    God:
Gold:   183        SH:  0    Dex: 11    Spells: 4/7 levels left

rFire   . .          .
                       - Unarmed
rCold   . . .        (no shield)
rNeg    . . .        (body armour unavailable)
rPois   .            (helmet currently unavailable)
rElec   .            (no cloak)
rCorr   .            (no gloves)
SInv    .            (boots currently unavailable)
Will    .....        (no amulet)
Stlth   +            (no ring)
HPRegen 0.24/turn    (no ring)
MPRegen 0.10/turn

%: no passive effects
@: appendages
A: horns 2, talons 2, AC +5, unfitting armour, cold-blooded
a: End Transformation


You were on level 3 of the Dungeon.
You had temporarily grown beastly horns and talons.
You visited 1 branch of the dungeon, and saw 3 of its levels.

You collected 183 gold pieces.

Inventory:

Scrolls
 f - 2 scrolls of poison {unknown}
 g - a scroll of teleportation {unknown}
 h - a scroll of enchant armour {unknown}
 i - 3 scrolls of identify {unknown}
Potions
 a - a potion of lignification
 b - a potion of cancellation {unknown}
 c - a potion of heal wounds {unknown}
 d - a potion of ambrosia {unknown}
 e - a potion of curing {unknown}


   Skills:
 + Level 2.1 Fighting
 - Level 1.7 Dodging
 + Level 3.5 Unarmed Combat
 + Level 2.5 Spellcasting
 + Level 2.6 Transmutations


You had 4 spell levels left.
You knew the following spells:

 Your Spells              Type           Power      Damage    Failure   Level
a - Beastly Appendage     Tmut           16%        N/A       9%          1
b - Wereblood             Tmut           8%         N/A       12%         2

Your spell library contained the following spells:

 Spells                   Type           Power      Damage    Failure   Level
 Spider Form              Tmut/Pois      5%         N/A       38%         3
 Ice Form                 Ice/Tmut       5%         N/A       80%         4


Dungeon Overview and Level Annotations

Branches:
Dungeon (3/15)

Altars:
Ashenzari
Dithmenos


Innate Abilities, Weirdness & Mutations

You have temporarily grown beastly horns and talons.
Your plain brown scales are hard. (AC +5)
You cannot fit into any form of body armour.
You are cold-blooded and may be slowed by cold attacks.


Message History

The jackal misses you. The jackal barely misses you.
The gnoll shouts!
You hit the jackal but do no damage. Your kick misses the jackal.
You headbutt the jackal.
The jackal is moderately wounded.
The jackal barely misses you. The jackal closely misses you.
You hit the jackal but do no damage.
The jackal is moderately wounded.
The jackal bites you. x2
The jackal barely misses you. x2
The jackal bites you but does no damage.
The jackal bites you but does no damage.
The jackal attacks as you move away! The jackal misses you.
The jackal attacks as you move away! The jackal barely misses you.
The jackal bites you but does no damage.
The jackal attacks as you move away! The jackal barely misses you.
Your transformation is almost over.
The jackal closely misses you.
You closely miss the jackal. You claw the jackal. You headbutt the jackal.
You kill the jackal!
The jackal bites you.
You hit the jackal.
You kill the jackal!
You hit the gnoll.
The gnoll is lightly wounded.
You closely miss the gnoll. You claw the gnoll. Your headbutt misses the gnoll.
The gnoll is moderately wounded.
The gnoll closely misses you.
You closely miss the gnoll. You headbutt the gnoll!
You kill the gnoll!
The gnoll hits you from afar with a +0 halberd.
The gnoll closely misses you. The gnoll hits you with a +0 halberd!
* * * LOW HITPOINT WARNING * * *
Things that are here:
a +0 whip; a gnoll corpse
Casting: Beastly Appendage (safe; 9% risk of failure)
Confirm with . or Enter, or press ? or * to list all spells.
You extend your transformation's duration.
The gnoll hits you from afar with a +0 spear.
You die...

### # ##.##### #. .......####
#.# #..#.....# ## ## ..##
#..#..##.######. #####.###.###
#..#.....)......
#..........g###..#.#.#.†..|...
#.≈≈≈._.≈≈≈gg@..........#####.
#...≈...≈...#.###....[..# #.
##.≈.≈≈.≈≈.≈...# #.##.#### #.
#..≈.....†.≈.### #....# #.
#..≈≈≈≈†≈≈≈≈.# #.#### #.
#............# #.# ##
#..≈≈≈≈.≈≈≈≈.... ..# #
#..≈.......≈..#.#### #
#..≈.≈≈.≈≈.≈.## # #


You could see 3 gnolls.

Vanquished Creatures
  A gnoll (D:3)
  A worm (D:2)
  A dart slug (D:2)
  3 ball pythons
  3 bats
  6 endoplasms
  3 giant cockroaches
  A goblin (D:2)
  3 hobgoblins
  6 jackals
  A quokka (D:2)
  A frilled lizard (D:1)
  A kobold (D:1)
  5 rats
36 creatures vanquished.

Notes
Turn   | Place    | Note
-------+----------+-------------------------------------------
     0 | D:1      | Irreverend the Draconian Transmuter began the quest for the
                  | Orb.
     0 | D:1      | Reached XP level 1. HP: 16/16 MP: 3/3
   498 | D:1      | Reached XP level 2. HP: 23/23 MP: 3/5
   501 | D:1      | Learned a level 2 spell: Wereblood
  1233 | D:2      | Reached XP level 3. HP: 29/29 MP: 4/6
  1774 | D:3      | Found a broken altar of Ashenzari.
  1784 | D:3      | Found a shadowy altar of Dithmenos.
  1812 | D:3      | Slain by a gnoll

Illustrated notes

Levels and vault maps discovered:
D:1:      minmay_arrival_plants_in_alcoves, layout_basic
D:2:      layout_basic, minmay_strange_pillars
D:3:      layout_loops_ring, mainiacjoe_overflow_large_starburst, uniq_terence,
          uniq_natasha, uniq_sigmund

Skill      XL: |  1  2  3 |
---------------+----------+-----
Fighting       | 2 |  2.1
Dodging        | |  1.7
Unarmed Combat | |  3.5
Spellcasting   | |  2.5
Transmutations | |  2.6

Action                     || total
---------------------------++-------
  Melee: Unarmed           ||    99
         Kick              ||    17
         Headbutt          ||    13
         Tailslap          ||     4
         Punch             ||     1
   Cast: Beastly Appendage ||    19
   Stab: Sleeping          ||     1
 Armour: Skin              ||    38
  Dodge: Dodged            ||    85
